 Dungeon Crawl Stone Soup version 0.31-a0-1452-g9d21c19 (webtiles) character file.

Game seed: 6438688917113370150

1559482 Wizard1ke the Planerender (level 27, 142/228 HPs)
             Began as a Merfolk Summoner on Dec 27, 2023.
             Was the Champion of Sif Muna.
             Escaped with the Orb
             ... and 3 runes!
             The game lasted 04:05:33 (80324 turns).

Wizard1ke the Planerender (Merfolk Summoner)       Turns: 80324, Time: 04:05:34

Health: 142/228    AC: 12    Str: 11      XL:     27
Magic:  31/57      EV: 17    Int: 37 (38) God:    Sif Muna [******]
Gold:   6295       SH: 24    Dex: 19      Spells: 27/67 levels left

rFire   + + +        B - +7 morningstar "Ysietto" {speed, *Noise rPois rF+++ rC+}
rCold   + + .        Y - +1 tower shield {rC+}
rNeg    + . .        X - +2 robe {Will+}
rPois   +            W - +3 hat of Pondering {ponderous, Will+ MP+10 Int+5}
rElec   +            t - +0 cloak {rCorr}
rCorr   +            D - +0 pair of gloves of Epar {Dex+3}
SInv    +            n - +2 pair of boots {Fly}
Will    ++++.        l - amulet of magic regeneration
Stlth   +            Z - +6 ring of intelligence
HPRegen 0.58/turn    y - ring of Incredulity {rElec rN+ Int+3 SInv}
MPRegen 0.75/turn

%: no passive effects
@: calling dragons, flying, very slightly contaminated, hasted, studying 5
skills, very quick
A: (nimble swimmer 2), mertail, screaming 1
0: Orb of Zot
}: 3/15 runes: decaying, serpentine, slimy
a: Renounce Religion, Channel Magic, Forget Spell, Divine Exegesis


You escaped.
You worshipped Sif Muna.
Sif Muna was exalted by your worship.
You visited 10 branches of the dungeon, and saw 51 of its levels.
You also visited: Trove, Gauntlet, Ice Cave and Wizlab.

You collected 9024 gold pieces.
You spent 2729 gold pieces at shops.

Inventory:

Hand Weapons
 B - the +7 morningstar "Ysietto" (weapon) {speed, *Noise rPois rF+++ rC+}
   (You acquired it on level 1 of the Swamp)

   rF+++:     It renders you almost immune to fire.
   rC+:       It protects you from cold.
   rPois:     It protects you from poison *Noise: It may make a loud noise when
   swung.
Missiles
 m - 3 throwing nets
 K - 13 curare-tipped darts
Armour
 n - a +2 pair of boots of flying (worn)
 t - a +0 cloak of preservation (worn)
 D - the +0 pair of gloves of Epar (worn) {Dex+3}
   (You acquired it on level 14 of the Dungeon)

   Dex+3:     It affects your dexterity (+3).
 F - the +1 cloak of Slovenliness {rF+}
   (You bought it in a shop on level 2 of the Orcish Mines)

   rF+:       It protects you from fire.
 J - the +3 leather armour of Miof {rElec rC+ Dex+3 SInv}
   (You bought it in a shop on level 15 of the Dungeon)

   Dex+3:     It affects your dexterity (+3).
   rC+:       It protects you from cold.
   rElec:     It insulates you from electricity.
   SInv:      It lets you see invisible.
 W - the +3 hat of Pondering (worn) {ponderous, Will+ MP+10 Int+5}
   (You took it off Gastronok on level 3 of the Lair of Beasts)

   Int+5:     It affects your intelligence (+5).
   Will+:     It increases your willpower.
   MP+10:     It affects your magic capacity (+10).
 X - a +2 robe of willpower (worn)
 Y - a +1 tower shield of cold resistance (worn)
Magical Staves
 H - the staff "Palimy" {rF+ Fire Ice}
   (You found it on level 5 of the Lair of Beasts)

   [staff of fire]

   Base accuracy: +5 Base damage: 5 Base attack delay: 1.2 This weapon's minimum
   attack delay (0.6) is reached at skill level 12.
   rF+:       It protects you from fire.
   Fire:      It increases the power of your Fire spells.
   Ice:       It increases the power of your Ice spells.
   It falls into the 'Staves' category.
   It is a one-handed weapon.
Jewellery
 d - a +6 ring of intelligence
 i - the ring "Nejaamev" {Ice rN+ MP+9 Dex-4}
   (You found it on level 3 of the Vaults)

   [ring of ice]

   Ice:       It enhances your ice magic.
   Dex-4:     It affects your dexterity (-4).
   rF-:       It makes you vulnerable to fire.
   rC+:       It protects you from cold.
   rN+:       It protects you from negative energy.
   MP+9:      It affects your magic capacity (+9).
 l - an amulet of magic regeneration (around neck)
 r - a ring of protection from fire
 y - the ring of Incredulity (right hand) {rElec rN+ Int+3 SInv}
   (You bought it in a shop on level 3 of the Snake Pit)

   [ring of see invisible]

   Int+3:     It affects your intelligence (+3).
   rElec:     It insulates you from electricity.
   rN+:       It protects you from negative energy.
   SInv:      It lets you see invisible.
 P - a ring of resist corrosion
 Q - the ring of Ecarerag {Fly MP+9 Dex+3}
   (You found it in a Gauntlet)

   [ring of magical power]

   Dex+3:     It affects your dexterity (+3).
   MP+9:      It affects your magic capacity (+9).
   Fly:       It grants you flight.
 U - a ring of willpower
 Z - a +6 ring of intelligence (left hand)
Wands
 a - a wand of light (29)
 e - a wand of mindburst (31)
 x - a wand of digging (7)
 R - a wand of iceblast (56)
 V - a wand of charming (55)
Scrolls
 f - 18 scrolls of teleportation
 h - 4 scrolls of silence {!r}
 j - 5 scrolls of immolation
 p - 7 scrolls of vulnerability
 s - 9 scrolls of poison
 w - 8 scrolls of fog
 I - 4 scrolls of butterflies
 M - 13 scrolls of blinking
 N - 2 scrolls of enchant weapon
 T - 5 scrolls of fear
Potions
 b - 2 potions of cancellation
 c - 16 potions of curing
 g - a potion of might
 k - 8 potions of enlightenment
 o - 2 potions of brilliance
 q - a potion of ambrosia
 u - 4 potions of haste
 v - 4 potions of invisibility
 z - a potion of lignification
 C - 10 potions of mutation
 E - 6 potions of attraction
 G - 8 potions of resistance
 L - 2 potions of magic
 S - 4 potions of heal wounds
Miscellaneous
 O - a condenser vane


   Skills:
 + Level 21.1 Fighting
 - Level 10.0 Dodging
 - Level 2.1 Stealth
 + Level 21.0 Shields
 + Level 20.8 Spellcasting
 - Level 5.0 Hexes
 O Level 27 Summonings
 - Level 3.0 Necromancy
 + Level 14.1 Invocations
 - Level 10.0 Evocations


You had 27 spell levels left.
You knew the following spells:

 Your Spells              Type           Power      Damage    Failure   Level
a - Passwall              Erth           38%        N/A       4%          3
b - Dragon's Call         Summ           63%        N/A       2%          9
c - Call Canine Familiar  Summ           100%       N/A       0%          3
d - Summon Horrible Thin  Summ           63%        N/A       1%          8
e - Blink                 Tloc           76%        N/A       2%          2
f - Summon Cactus Giant   Summ           63%        N/A       0%          6
g - Martyr's Knell        Necr/Summ      99%        N/A       1%          4
h - Summon Mana Viper     Hex/Summ       100%       N/A       1%          5

Your spell library contained the following spells:

 Spells                   Type           Power      Damage    Failure   Level
 Summon Small Mammal      Summ           100%       N/A       0%          1
 Call Imp                 Summ           100%       N/A       0%          2
 Apportation              Tloc           76%        N/A       1%          1
 Foxfire                  Conj/Fire      100%       2x1d9     1%          1
 Freeze                   Ice            100%       1d10      1%          1
 Kiss of Death            Conj/Necr      100%       2d13      1%          1
 Magic Dart               Conj           100%       1d8       1%          1
 Necrotise                Necr           100%       1d9       1%          1
 Sandblast                Erth           76%        2d16      1%          1
 Shock                    Conj/Air       100%       1d9       1%          1
 Slow                     Hex            100%       N/A       1%          1
 Sting                    Conj/Alch      100%       1d9       1%          1
 Cigotuvi's Dreadful Rot  Necr/Alch/Air  90%        N/A       1%          2
 Ensorcelled Hibernation  Hex/Ice        100%       N/A       1%          2
 Jinxbite                 Hex            100%       N/A       1%          2
 Sublimation of Blood     Necr           57%        N/A       1%          2
 Confusing Touch          Hex            66%        N/A       1%          3
 Dazzling Flash           Conj/Hex       100%       N/A       1%          3
 Fugue of the Fallen      Necr           57%        N/A       1%          3
 Inner Flame              Hex/Fire       54%        N/A       1%          3
 Sigil of Binding         Hex            66%        N/A       1%          3
 Summon Ice Beast         Ice/Summ       95%        N/A       1%          3
 Tukima's Dance           Hex            66%        N/A       1%          3
 Vampiric Draining        Necr           57%        2d10      1%          3
 Animate Armour           Summ/Erth      100%       N/A       1%          4
 Cause Fear               Hex            33%        N/A       1%          4
 Summon Blazeheart Golem  Fire/Summ      95%        N/A       1%          4
 Summon Lightning Spire   Summ/Air       95%        N/A       1%          4
 Summon Forest            Summ/Tloc      47%        N/A       1%          5
 Monstrous Menagerie      Summ           63%        N/A       1%          7
 Summon Hydra             Summ           63%        N/A       1%          7
 Lesser Beckoning         Tloc           76%        N/A       2%          2
 Mercury Vapours          Alch/Air       76%        N/A       2%          2
 Momentum Strike          Conj/Tloc      76%        3d10      2%          2
 Scorch                   Fire           76%        2d8       2%          2
 Searing Ray              Conj           76%        2d7       2%          2
 Static Discharge         Conj/Air       76%        3-7/arc   2%          2
 Haunt                    Necr/Summ      49%        N/A       2%          7
 Anguish                  Hex/Necr       31%        N/A       3%          4
 Frozen Ramparts          Ice            76%        1d12      4%          3
 Gell's Gravitas          Tloc           38%        N/A       4%          3
 Hailstorm                Conj/Ice       38%        3d9       4%          3
 Mephitic Cloud           Conj/Alch/Air  38%        N/A       4%          3
 Ozocubu's Armour         Ice            38%        N/A       4%          3
 Stone Arrow              Conj/Erth      76%        3d11      4%          3
 Swiftness                Air            38%        N/A       4%          3
 Teleport Other           Tloc           38%        N/A       4%          3
 Volatile Blastmotes      Fire/Tloc      76%        2d16      4%          3
 Animate Dead             Necr           57%        N/A       4%          4
 Dispel Undead            Necr           57%        3d20      4%          4
 Dimensional Bullseye     Hex/Tloc       27%        N/A       5%          4
 Malign Gateway           Summ/Tloc      47%        N/A       5%          7
 Spellforged Servitor     Conj/Summ      47%        N/A       5%          7
 Curse of Agony           Necr           57%        N/A       13%         5
 Airstrike                Air            19%        2d(3-19)  16%         4
 Brom's Barrelling Bould  Conj/Erth      38%        2d6       16%         4
 Flame Wave               Conj/Fire      38%        2d10      16%         4
 Fulminant Prism          Conj/Alch      19%        3d11      16%         4
 Ignite Poison            Fire/Alch      38%        N/A       16%         4
 Iskenderun's Mystic Bla  Conj/Tloc      38%        2d9       16%         4
 Leda's Liquefaction      Alch/Erth      19%        N/A       16%         4
 Manifold Assault         Tloc           38%        N/A       16%         4
 Olgreb's Toxic Radiance  Alch           38%        N/A       16%         4
 Passage of Golubria      Tloc           38%        N/A       16%         4
 Petrify                  Alch/Erth      38%        N/A       16%         4
 Sticky Flame             Fire/Alch      38%        2d8       16%         4
 Vhi's Electric Charge    Tloc/Air       76%        N/A       16%         4
 Metabolic Englaciation   Hex/Ice        27%        N/A       16%         5
 Silence                  Hex/Air        27%        N/A       16%         5
 Yara's Violent Unravell  Hex/Alch       27%        3d12      16%         5
 Borgnjor's Vile Clutch   Necr/Erth      24%        N/A       24%         5
 Alistair's Intoxication  Alch           25%        N/A       41%         5
 Arcjolt                  Conj/Air       19%        1d29      41%         5
 Fireball                 Conj/Fire      19%        3d9       41%         5
 Freezing Cloud           Conj/Ice/Air   19%        6-21      41%         5
 Irradiate                Conj/Alch      19%        3d18      41%         5
 Iskenderun's Battlesphe  Conj           38%        2d9       41%         5
 Lee's Rapid Deconstruct  Erth           19%        3d11*     41%         5
 Death Channel            Necr           28%        N/A       56%         6
 Enfeeble                 Hex            33%        N/A       86%         7
 Bombard                  Conj/Erth      19%        9d4       94%         6
 Conjure Ball Lightning   Conj/Air       19%        3x3d6     94%         6
 Dispersal                Tloc           19%        N/A       94%         6
 Eringya's Noxious Bog    Alch           19%        4d6       94%         6
 Plasma Beam              Fire/Air       19%        2x1d30    94%         6
 Sculpt Simulacrum        Ice/Alch       19%        N/A       94%         6
 Starburst                Conj/Fire      19%        6d7       94%         6
 Orb of Destruction       Conj           19%        9d8       100%        7
 Ozocubu's Refrigeration  Ice            19%        4d11      100%        7
 Borgnjor's Revivificati  Necr           28%        N/A       100%        8
 Discord                  Hex            33%        N/A       100%        8
 Disjunction              Tloc           19%        N/A       100%        8
 Ignition                 Fire           19%        3d7       100%        8
 Infestation              Necr           28%        N/A       100%        8
 Lehudib's Crystal Spear  Conj/Erth      19%        10d6      100%        8
 Maxwell's Capacitive Co  Air            19%        ∞         100%        8
 Chain Lightning          Conj/Air       19%        3d25      100%        9
 Death's Door             Necr           28%        N/A       100%        9
 Fire Storm               Conj/Fire      19%        8d5       100%        9
 Polar Vortex             Ice            19%        12d2*     100%        9
 Shatter                  Erth           19%        3d17*     100%        9


Dungeon Overview and Level Annotations

Branches:
Dungeon (15/15)            Temple (0/1) D:7            Lair (5/5) D:8
  Swamp (4/4) Lair:3        Snake (4/4) Lair:3        Slime (5/5) Lair:5
    Orc (2/2) D:10            Elf (3/3) Orc:2        Vaults (4/5) D:13
  Crypt (0/3) Vaults:3     Depths (4/4) D:15            Zot (5/5) Depths:4
  IceCv (visited)          WizLab (visited)         Gauntlet (visited)

Altars:
Gozag
Hepliaklqana
Okawaru
Qazlal
Sif Muna
Vehumet
Wu Jian
Xom
The Shining One
Jiyva

Shops:
D:15 ([   Orc:2 [[(*[   Elf:1 =[   Snake:3 ==:   Vaults:2 [   Vaults:4 [[

Portals:
Hell: Depths:1 Depths:2 Depths:3 Depths:4
Abyss: Snake:3 Depths:2 Depths:3
Pandemonium: Depths:2 Depths:4
Ziggurat: Depths:2

Annotations:
D:3 1 runed translucent door, exclusion: door, uhhuh's ghost, amateur OnSh
D:6 exclusion: door
D:8 3 runed translucent doors, exclusion: 3 doors, Gimbap's ghost, novice DrSh
Snake:3 2 transporters
Vaults:5 !vaults warning


Innate Abilities, Weirdness & Mutations

((You are very nimble when in or above water. (Stealth+, EV+, Speed+++)))
Your lower body shifts to a powerful aquatic tail in water.
You occasionally shout uncontrollably at your foes.


Message History

You feel yourself speed up. A dragon arrives to answer your call!
Your golden dragon disappears in a puff of smoke!
The Orb Guardian hits your large abomination!!
Your large abomination hits the Orb Guardian!
Your large abomination hits the Orb Guardian!!
The blizzard demon gestures at you. The freezing blast engulfs you. You resist.
Your golden dragon bites the blizzard demon but does no damage.
Your golden dragon barely misses the blizzard demon.
Your golden dragon tramples the blizzard demon!
The blizzard demon is shoved backwards!
You are engulfed in freezing vapours.
You resist. Something hits your large abomination.
Your quicksilver dragon is engulfed in freezing vapours.
A dragon arrives to answer your call!
Your quicksilver dragon is engulfed in freezing vapours.
The blizzard demon barely misses your iron dragon.
The blizzard demon hits your iron dragon but does no damage.
Your golden dragon bites the blizzard demon but does no damage.
Your golden dragon claws the blizzard demon.
Your golden dragon closely misses the blizzard demon.
The Orb Guardian hits your large abomination but does no damage.
Your quicksilver dragon is engulfed in freezing vapours.
Your quicksilver dragon disappears in a puff of smoke!
Your large abomination is engulfed in freezing vapours.
Your large abomination is destroyed!
Your large abomination disappears in a puff of smoke!
The blizzard demon gestures at you.
The bolt of lightning hits your iron dragon!!
The bolt of lightning misses you.
Your golden dragon breathes fire at the blizzard demon.
The bolt of fire hits the blizzard demon!!!!
The blizzard demon is burned terribly!
The blizzard demon dies!
Sif Muna accepts your kill.
Blink to where?
Press: ? - help, Dir - move target
As you read the scroll of blinking, it crumbles to dust.
A dragon arrives to answer your call!
You have escaped!

#.......# ##.################..
#.....(.# #.#.....#........+..
#.......# #.#.###.#...######..
###.......# #.#.###.#........#.#
....>.....# ##.......#......#.#.#
###.......###...............#.#.#
##.#...###..######...#....#.#.#
#.###..#..##.>.###.......#.#.#
#.# ##...##..@..##.......#.#.#
#.# #####.......##........#.. #.#
##.Dx...⌠..##...#.#.... # #.#
##...&.......##......... # #.#
##.⌠....⌠....⌠.##........ # #.#
##.D.............######### #
#.###..⌠...⌠...⌠...⌠..##...... #
#.##..D§...............##.#### #
#.#○.○...⌠.......⌠(.....#.#


You could see Weitis (ally target), a small abomination, 2 friendly iron dragons
and a friendly golden dragon (summoned, catching breath).

Vanquished Creatures
  the Lernaean hydra (Swamp:4)
  A nagaraja (Snake:4)
  An orc warlord (Orc:1)
  A spriggan defender (Depths:4)
  A spark wasp (Depths:4)
  A spectral golden dragon (Depths:3)
  4 hydras (Swamp:4)
  2 spriggan air magi (Depths:4)
  An anaconda (Snake:4)
  A tengu warrior (Depths:4)
  A naga warrior (Snake:4)
  A shock serpent (Snake:4)
  A swamp dragon (Swamp:4)
  A naga ritualist (Snake:4)
  An orc sorcerer (Orc:1)
  A black mamba (Snake:4)
  A rime drake (Lair:2)
  A troll (D:8)
  A hornet (Depths:4)
  A wolf spider simulacrum (Gauntlet)
  A slime creature (Vaults:3)
  A yak (D:7)
  3 spriggans (Depths:4)
  4 humans (D:15)
  A vampire mosquito (D:15)
  A swamp drake (Swamp:4)
  4 orc warriors
  A centaur (D:6)
  An electric eel (Lair:5)
  An orc (Orc:1)
42 creatures vanquished.

Vanquished Creatures (collateral kills)
  the Royal Jelly (Slime:5)
  4 orbs of fire (Zot:5)
  2 ancient liches
  A juggernaut (Depths:2)
  The ghost of Anotheraccount the Hoplite, a master GrFi of Gozag (Zot:5)
  7 Killer Klowns (Zot:5)
  Vashnia (Snake:4)
  2 curse toes
  Nikola (Swamp:4)
  Norris (Vaults:1)
  6 golden dragons
  A bone dragon (Depths:4)
  3 electric golems
  A Hell Sentinel (Zot:4)
  14 tentacled monstrosities
  A lich (Depths:2)
  26 Orb Guardians
  Asterion (Vaults:1)
  4 quicksilver dragons
  9 sphinxes
  7 deep elf blademasters
  2 tentacled starspawn (WizLab)
  17 acid blobs
  6 death cobs
  5 deep elf master archers (Elf:3)
  Gastronok (Lair:3)
  An Executioner (Depths:4)
  5 tengu reavers
  A shadow dragon (Depths:4)
  Donald (Snake:4)
  7 draconian monks
  12 azure jellies
  6 storm dragons
  7 rockslimes
  6 frost giants
  5 nagarajas
  4 protean progenitors
  8 fire giants
  A spectral juggernaut (Depths:3)
  10 draconian knights
  2 iron dragons (Depths:3)
  7 deep elf sorcerers
  A deep elf elementalist (Elf:1)
  A spectral caustic shrike (Depths:3)
  Louise (D:15)
  4 draconian scorchers
  6 draconian shifters
  A ghost moth (Zot:3)
  A balrug (Depths:2)
  A cacodemon (WizLab)
  6 vault wardens
  13 ironbound preservers
  2 reapers
  A spriggan defender (Depths:4)
  4 orc warlords (Vaults:4)
  3 demonspawn corrupters (WizLab)
  4 draconian stormcallers
  10 quicksilver oozes (Slime:5)
  16 very ugly things
  3 formless jellyfish
  11 draconian annihilators
  3 deep elf demonologists
  6 ironbound thunderhulks
  10 stone giants
  A spectral titan (Depths:3)
  2 war gargoyles
  A lorocyproca (Depths:4)
  5 eleionomae
  9 vampire knights
  15 green draconians
  11 yellow draconians
  13 black draconians
  A spark wasp (Depths:4)
  7 dire elephants
  7 deep elf death magi
  9 deep elf annihilators
  10 purple draconians
  11 white draconians
  5 bunyips
  13 red draconians
  A spectral quicksilver dragon (Depths:3)
  5 ettins
  The ghost of wqsa789 the Carver, a journeyman HuGl of Okawaru (Orc:2)
  2 blizzard demons
  5 deep elf high priests
  An entropy weaver (WizLab)
  Snorg (D:11)
  A merfolk javelineer (WizLab)
  3 eidola (Depths:3)
  A crystal guardian (Vaults:4)
  9 yaktaur captains
  8 fire dragons
  2 spectral spriggans (Depths:3)
  5 spectral golden dragons (Depths:3)
  2 spectral tengu (Depths:3)
  Josephine (D:13)
  4 rakshasas
  4 spectral shadow dragons (Depths:3)
  A hell beast (Depths:1)
  8 great orbs of eyes
  9 ice dragons
  2 salamander tyrants
  17 hydras
  8 vault guards
  4 peacekeepers (Vaults:4)
  4 spriggan air magi (Depths:2)
  7 anacondas
  A ghost crab (Swamp:2)
  3 juggernaut simulacra (Depths:3)
  6 centaur warriors
  4 alligators
  7 ironbound frosthearts
  3 ogre magi
  A catoblepas (Lair:5)
  A caustic shrike simulacrum (Depths:3)
  13 two-headed ogres
  4 death yaks
  A spectral fire giant (Depths:3)
  8 boulder beetles
  2 deep troll shamans
  A spectral storm dragon (Depths:3)
  18 naga warriors
  Urug (D:13)
  26 dancing weapons
  13 naga sharpshooters
  6 occultists
  5 deep troll earth magi
  2 demonic crawlers (D:13)
  4 tengu warriors
  7 spriggan berserkers
  4 vampire magi (Depths:3)
  5 shock serpents
  28 spriggans
  2 orc high priests
  A soul eater (Gauntlet)
  6 sun demons
  13 deep elf knights
  2 death drakes
  4 skysharks
  6 goliath frogs
  11 salamander mystics
  A sixfirhy (Depths:2)
  38 deep trolls
  8 iron trolls
  A large abomination (Depths:4)
  Amaemon (Lair:2)
  5 flayed ghosts (Depths:3)
  A quicksilver dragon simulacrum (Depths:3)
  An orb spider (shapeshifter) (Vaults:4)
  4 spriggan druids
  8 glowing orange brains
  2 orange crystal statues (Depths:3)
  A shadow demon (Depths:4)
  3 naga ritualists
  5 phantasmal warriors
  29 deep elf zephyrmancers
  16 ironbound convokers
  4 bog bodies
  2 spectral iron dragons (Depths:3)
  An obsidian statue (Zot:5)
  9 swamp dragons
  31 deep elf pyromancers
  9 arcanists
  11 deep elf archers
  6 orc knights
  A harpy (shapeshifter) (D:13)
  4 necromancers
  3 orc sorcerers
  10 lindwurms
  9 mana vipers
  A wolf spider (D:13)
  15 salamanders
  5 shining eyes
  4 oklob plants (Lair:5)
  7 will-o-the-wisps
  8 cyclopes
  2 manticores
  5 worldbinders (WizLab)
  23 moths of wrath
  27 ugly things
  9 elephants
  27 black mambas
  11 vault sentinels
  2 meliai (D:11)
  2 eyes of devastation (Depths:1)
  13 naga magi
  A black mamba (shapeshifter) (D:14)
  A water nymph (WizLab)
  2 guardian serpents
  A centaur zombie (D:15)
  A rust devil (D:13)
  26 cane toads
  2 gargoyles
  3 torpor snails (Zot:3)
  A storm dragon simulacrum (Depths:3)
  Maggie (D:10)
  An orange demon (Lair:2)
  7 rime drakes
  2 titan simulacra (Depths:3)
  3 kobold demonologists
  A hellion (Depths:1)
  A centaur skeleton (D:15)
  31 yaktaurs
  2 freezing wraiths
  A yaktaur (shapeshifter) (Depths:4)
  9 komodo dragons
  3 tengu conjurers
  5 ice devils (IceCv)
  5 spectral glowing shapeshifters (Depths:3)
  An efreet (D:11)
  17 trolls
  2 polar bears (Lair:4)
  2 shadow dragon simulacra (Depths:3)
  2 tengu simulacra (Depths:3)
  9 tyrant leeches
  29 hornets
  A hellwing (D:13)
  A polar bear (shapeshifter) (Elf:3)
  25 blink frogs
  A raiju (Swamp:3)
  3 glass eyes
  4 dream sheep (Lair:4)
  An iron dragon simulacrum (Depths:3)
  90 slime creatures
  A centaur simulacrum (Gauntlet)
  An air elemental (Elf:1)
  8 water elementals
  8 wraiths
  2 shadows
  3 vampires
  A ynoxinul (Zot:2)
  A wyvern (D:9)
  A human (shapeshifter) (D:11)
  3 fire elementals
  A spectral kobold (Orc:2)
  Grum (D:11)
  3 steam dragons
  10 basilisks
  11 golden eyes
  26 humans
  68 yaks
  2 wargs (Orc:1)
  25 vampire mosquitoes
  A harpy simulacrum (Gauntlet)
  A death yak simulacrum (IceCv)
  13 swamp worms
  40 nagas
  3 acid dragons (D:11)
  A hell hound (Depths:1)
  A hydra simulacrum (IceCv)
  15 water moccasins
  2 meliai simulacra
  10 nameless horrors
  11 swamp drakes
  A sky beast (D:6)
  An ice dragon simulacrum (Gauntlet)
  An ice beast (D:6)
  19 orc warriors
  4 black bears
  26 ogres
  A boggart (Vaults:1)
  16 wolves
  9 centaurs
  A phantom (D:7)
  6 kobold brigands
  23 bullfrogs
  A gnoll sergeant (D:10)
  2 scorpions
  2 earth elementals
  A two-headed ogre simulacrum (IceCv)
  A cane toad simulacrum (IceCv)
  2 glowing shapeshifter simulacra (Depths:3)
  8 wights (D:9)
  An elephant simulacrum (IceCv)
  5 killer bees (D:11)
  2 spectral ogres (Orc:2)
  4 quasits (D:13)
  4 howler monkeys
  2 bombardier beetles
  3 crimson imps (D:13)
  4 lava snakes (Lair:3)
  9 jellies
  4 hounds
  13 orc priests
  9 iguanas
  3 iron imps (D:13)
  3 gnoll boudas
  22 orc wizards
  A spectral orc (Orc:2)
  3 spriggan simulacra
  4 hell rats (Lair:4)
  2 polar bear simulacra (IceCv)
  3 troll simulacra (IceCv)
  2 wolf simulacra (IceCv)
  A boggart simulacrum (Gauntlet)
  Robin (D:3)
  16 gnolls
  4 naga simulacra (IceCv)
  7 adders
  A river rat (D:13)
  4 shadow imps
  8 white imps
  5 orc simulacra (Orc:2)
  4 ufetubi
  A worm (D:4)
  2 dart slugs
  86 orcs
  5 ball pythons
  4 bats
  7 endoplasms
  8 giant cockroaches
  14 goblins
  11 hobgoblins
  5 jackals
  21 kobolds
  3 quokkas
  8 rats
  An aspiring flesh (Zot:3)
  A butterfly (Lair:3)
  A spectral weapon (Vaults:1)
2185 creatures vanquished.

Vanquished Creatures (others)
  An Orb Guardian (Zot:5)
  2 draconian knights (Zot:3)
  An iron troll (Depths:3)
  2 deep elf zephyrmancers (Elf:3)
  A water elemental (Elf:3)
  A kobold brigand (D:7)
  2 ufetubi (D:7)
  5 blazeheart cores
  14 foxfires (Swamp:2)
  4 starspawn tentacles (WizLab)
33 creatures vanquished.

Grand Total: 2260 creatures vanquished

Notes
Turn   | Place    | Note
-------+----------+-------------------------------------------
     0 | D:1      | Wizard1ke the Merfolk Summoner began the quest for the Orb.
     0 | D:1      | Reached XP level 1. HP: 13/13 MP: 3/3
   411 | D:1      | Reached XP level 2. HP: 16/19 MP: 1/5
   502 | D:1      | Learned a level 2 spell: Call Imp
  1433 | D:2      | Reached XP level 3. HP: 24/24 MP: 2/6
  1437 | D:2      | Learned a level 3 spell: Call Canine Familiar
  2187 | D:3      | Noticed a scorpion
  2411 | D:3      | HP: 1/24 [poisoned by a scorpion]
  2530 | D:3      | Killed a scorpion
  2531 | D:3      | Reached skill level 5 in Summonings
  2531 | D:3      | Reached XP level 4. HP: 30/30 MP: 3/9
  2531 | D:3      | Reached XP level 5. HP: 35/35 MP: 3/10
  2694 | D:3      | Found a runed translucent door.
  2700 | D:3      | Noticed uhhuh's ghost (amateur OnSh)
  3168 | D:3      | Noticed Robin
  3758 | D:3      | Learned a level 4 spell: Summon Blazeheart Golem
  3830 | D:3      | Reached XP level 6. HP: 32/41 MP: 4/12
  3959 | D:3      | Killed Robin
  4075 | D:4      | Reached skill level 6 in Summonings
  4460 | D:4      | Found an iron altar of Okawaru.
  4516 | D:4      | Reached skill level 5 in Spellcasting
  4516 | D:4      | Reached XP level 7. HP: 46/46 MP: 3/14
  4602 | D:4      | Found a shimmering blue altar of Sif Muna.
  4605 | D:4      | Found an opulent altar of Gozag.
  4606 | D:4      | Found a stormy altar of Qazlal.
  4607 | D:4      | Found an ornate altar of the Wu Jian Council.
  4608 | D:4      | Found a glowing golden altar of the Shining One.
  4612 | D:4      | Became a worshipper of Sif Muna the Loreminder
  5287 | D:4      | Reached skill level 7 in Summonings
  5435 | D:5      | Entered Level 5 of the Dungeon
  5783 | D:5      | Reached XP level 8. HP: 52/52 MP: 13/17
  6018 | D:5      | Reached * piety under Sif Muna
  6068 | D:5      | Reached skill level 8 in Summonings
  6645 | D:6      | Noticed a manticore
  6700 | D:6      | Reached skill level 9 in Summonings
  7314 | D:6      | Learned a level 4 spell: Martyr's Knell
  7362 | D:6      | Reached skill level 1 in Necromancy
  7393 | D:6      | Reached XP level 9. HP: 54/57 MP: 11/18
  7592 | D:6      | Reached skill level 10 in Summonings
  8205 | D:6      | Reached ** piety under Sif Muna
  8891 | D:7      | Reached skill level 1 in Fighting
  8972 | D:7      | Found a staircase to the Ecumenical Temple.
  9393 | D:8      | Noticed a troll
  9458 | D:8      | Found a staircase to the Lair.
  9504 | D:8      | Killed a troll
  9505 | D:8      | Reached XP level 10. HP: 61/70 MP: 18/22
  9926 | D:8      | Found a runed translucent gate.
  9927 | D:8      | Found a runed translucent gate.
  9928 | D:8      | Found a runed translucent gate.
  9933 | D:8      | Found a viscous altar of Jiyva.
  9933 | D:8      | Noticed Gimbap's ghost (novice DrSh)
 10468 | D:9      | Reached skill level 11 in Summonings
 10494 | D:9      | Reached skill level 5 in Fighting
 10625 | D:9      | Reached *** piety under Sif Muna
 11030 | D:9      | Reached skill level 12 in Summonings
 11379 | D:10     | Entered Level 10 of the Dungeon
 11497 | D:10     | Noticed a two-headed ogre
 11602 | D:10     | Killed a two-headed ogre
 11603 | D:10     | Reached skill level 13 in Summonings
 11877 | D:10     | Found a radiant altar of Vehumet.
 11877 | D:10     | Found a hazy altar of Hepliaklqana.
 11937 | D:10     | Reached XP level 11. HP: 79/79 MP: 10/23
 12390 | D:10     | Noticed Maggie
 12407 | D:10     | Killed Maggie
 12566 | D:10     | Found a staircase to the Orcish Mines.
 12573 | D:10     | Reached skill level 14 in Summonings
 12728 | D:10     | Reached skill level 1 in Invocations
 13230 | D:10     | Learned a level 6 spell: Summon Cactus Giant
 13236 | D:10     | Learned a level 5 spell: Summon Mana Viper
 13588 | D:11     | Reached skill level 1 in Hexes
 13602 | D:11     | Reached **** piety under Sif Muna
 13663 | D:11     | Noticed Grum
 13968 | D:11     | Reached skill level 5 in Invocations
 14191 | D:11     | Killed Grum
 14435 | Lair:1   | Entered Level 1 of the Lair of Beasts
 14573 | Lair:1   | Reached skill level 5 in Hexes
 14779 | Lair:1   | Reached XP level 12. HP: 86/86 MP: 14/24
 15905 | Lair:2   | Reached skill level 15 in Summonings
 16196 | Lair:2   | Found a gate leading to a gauntlet.
 16205 | Gauntlet | Entered a Gauntlet
 16205 | Gauntlet | Found a transporter.
 16205 | Gauntlet | Found a transporter.
 16211 | Gauntlet | Found a transporter.
 16211 | Gauntlet | Found a transporter.
 16212 | Gauntlet | Found a transporter.
 16249 | Gauntlet | Noticed a soul eater
 16252 | Gauntlet | Found a transporter.
 16252 | Gauntlet | Found a transporter.
 16253 | Gauntlet | Found a transporter.
 16266 | Gauntlet | Found a transporter.
 16282 | Gauntlet | Found a transporter.
 16289 | Gauntlet | Found a transporter.
 16306 | Gauntlet | Found a transporter.
 16326 | Gauntlet | Found a transporter.
 16326 | Gauntlet | Noticed a soul eater
 16327 | Gauntlet | Found a runed translucent door.
 16328 | Gauntlet | Found a runed translucent gate.
 16328 | Gauntlet | Found a runed translucent gate.
 16328 | Gauntlet | Found a runed translucent gate.
 16338 | Gauntlet | Found a transporter.
 16452 | Gauntlet | Killed a soul eater
 16536 | Gauntlet | Identified the +1 pair of boots of Hanaj {rF++}
 16638 | Gauntlet | Identified the ring of Ecarerag {Fly MP+9 Dex+3}
 16732 | Gauntlet | Identified the +6 whip "Murmur" {drain, rElec}
 16732 | Gauntlet | Identified the ring of False Pretenses {rElec MP+9 Str+3
                  | Dex+5}
 16732 | Gauntlet | Noticed a minotaur
 16763 | Gauntlet | Got the Octavo of Sizzling Ice
 16763 | Gauntlet | Got the Papyrus of the Glacier and Composition
 16826 | Lair:2   | Reached skill level 16 in Summonings
 17282 | Lair:2   | Noticed Amaemon
 17291 | Lair:2   | Reached ***** piety under Sif Muna
 17309 | Lair:2   | Killed Amaemon
 17601 | Lair:2   | Reached XP level 13. HP: 91/91 MP: 18/25
 17718 | Lair:2   | Reached skill level 17 in Summonings
 18691 | Lair:3   | Found a staircase to the Swamp.
 19125 | Lair:3   | Found a staircase to the Snake Pit.
 19135 | Lair:3   | Reached skill level 18 in Summonings
 19470 | Lair:3   | Noticed Gastronok
 19479 | Lair:3   | Killed Gastronok
 20144 | Lair:3   | Received a gift from Sif Muna
 20145 | Lair:3   | Got Dimywixe's Guidebook on the Union and Locality {god
                  | gift}
 20253 | Lair:3   | Reached skill level 5 in Dodging
 21988 | Lair:5   | Entered Level 5 of the Lair of Beasts
 22125 | Lair:5   | Reached XP level 14. HP: 103/103 MP: 22/26
 22259 | Lair:5   | Reached skill level 10 in Invocations
 24164 | Lair:5   | Learned a level 8 spell: Summon Horrible Things
 24401 | Lair:5   | Reached skill level 10 in Dodging
 24677 | Lair:5   | Identified the staff "Palimy" {rF+ Fire Ice}
 24939 | Lair:5   | Found a staircase to the Slime Pits.
 25295 | D:11     | Reached skill level 10 in Fighting
 25362 | D:11     | Noticed Snorg
 25377 | D:11     | Killed Snorg
 25550 | D:11     | Identified the ring of Awouf {Fire Str+3 Int+3}
 25555 | D:11     | Identified the +9 battleaxe "Daloc" {heavy, +Blink Int+3
                  | SInv Stlth+}
 25981 | D:11     | Reached XP level 15. HP: 115/115 MP: 23/27
 26041 | D:11     | Received a gift from Sif Muna
 26042 | D:11     | Got Sif Muna's Secrets of Percussion {god gift}
 26393 | D:12     | Learned a level 3 spell: Passwall
 28247 | D:13     | Got the Vellum of the Tektite
 28328 | D:13     | Noticed Urug
 28328 | D:13     | Found a gate to the Vaults.
 28395 | D:13     | Killed Urug
 28396 | D:13     | Reached skill level 19 in Summonings
 29012 | D:13     | Noticed Josephine
 29023 | D:13     | Killed Josephine
 30338 | D:14     | Found a portal to a secret trove of treasure.
 30871 | D:14     | Identified a scroll of acquirement
 30904 | D:14     | Reached skill level 20 in Summonings
 30922 | D:14     | Acquired the +0 pair of gloves of Epar {Dex+3}
 31404 | Orc:1    | Entered Level 1 of the Orcish Mines
 32373 | Orc:1    | You are sucked into a shaft and drop 1 floor!
 32373 | Orc:2    | Entered Level 2 of the Orcish Mines
 32373 | Orc:2    | Found a staircase to the Elven Halls.
 32391 | Orc:2    | Found a runed translucent gate.
 32391 | Orc:2    | Found a runed translucent gate.
 32391 | Orc:2    | Found a runed translucent gate.
 32493 | Orc:2    | Found a frozen archway.
 32544 | IceCv    | Entered an ice cave
 32559 | IceCv    | Received a gift from Sif Muna
 32560 | IceCv    | Got Sif Muna's Guidebook on Geometric Malediction {god
                  | gift}
 33611 | Orc:2    | Reached skill level 1 in Shields
 33637 | Orc:2    | Reached XP level 16. HP: 122/122 MP: 23/28
 33972 | Orc:2    | Found a shimmering altar of Xom.
 33985 | Orc:2    | Found Unul's General Store.
 33986 | Orc:2    | Found Xuemeo's Antique Armour Boutique.
 34158 | Orc:2    | Found Gofufen's Antique Armour Shoppe.
 34160 | Orc:2    | Bought a scroll of blinking for 105 gold pieces
 34167 | Orc:2    | Found Dugyler's Weapon Shop.
 34191 | Orc:2    | Reached skill level 21 in Summonings
 34267 | Orc:2    | Bought a runed scarf for 272 gold pieces
 34582 | Orc:2    | Noticed wqsa789's ghost (journeyman HuGl)
 34611 | Orc:2    | Killed wqsa789's ghost
 34746 | Orc:2    | Identified the +0 hat of Jiman {rC- Will+++ Str+3 Int-3}
 34842 | Orc:2    | Found Baemel's Antique Armour Emporium.
 34851 | Orc:2    | Bought an ichor-stained cloak for 389 gold pieces
 34851 | Orc:2    | Identified the +1 cloak of Slovenliness {rF+} (You bought
                  | it in a shop on level 2 of the Orcish Mines)
 35339 | Orc:1    | Received a gift from Sif Muna
 35340 | Orc:1    | Reached skill level 5 in Shields
 35841 | D:15     | Entered Level 15 of the Dungeon
 35852 | D:15     | Found an iron altar of Okawaru.
 35852 | D:15     | Noticed a tengu reaver
 35852 | D:15     | Noticed a tengu reaver
 36308 | D:15     | Found Ruddafih's Antique Weapon Boutique.
 36515 | D:15     | Noticed Louise
 36540 | D:15     | Killed Louise
 36634 | D:15     | Found Ylompai's Armour Shoppe.
 36641 | D:15     | Bought the +3 leather armour of Miof {rElec rC+ Dex+3 SInv}
                  | for 630 gold pieces
 36800 | D:15     | Found a staircase to the Depths.
 37057 | D:15     | Reached skill level 22 in Summonings
 37467 | Snake:1  | Entered Level 1 of the Snake Pit
 38572 | Snake:1  | Received a gift from Sif Muna
 39129 | Snake:2  | Reached XP level 17. HP: 120/128 MP: 27/30
 39914 | Snake:2  | Reached skill level 10 in Spellcasting
 40430 | Snake:2  | Received a gift from Sif Muna
 40431 | Snake:2  | Got Sif Muna's Annotations on Rallying {god gift}
 40933 | Snake:3  | Found a transporter.
 40935 | Snake:3  | Found a transporter.
 40945 | Snake:3  | Noticed a tentacled starspawn
 40952 | Snake:3  | Found a one-way gate to the infinite horrors of the Abyss.
 41196 | Snake:3  | Found Ulizioph's Jewellery Shop.
 41197 | Snake:3  | Found Omnet's Book Emporium.
 41199 | Snake:3  | Found Kuiphy's Jewellery Shop.
 41210 | Snake:3  | Bought an amulet of magic regeneration for 390 gold pieces
 41222 | Snake:3  | Bought the ring of Incredulity {rElec rN+ Int+3 SInv} for
                  | 513 gold pieces
 41872 | Snake:4  | Entered Level 4 of the Snake Pit
 41882 | Snake:4  | Identified the +0 ring mail of Noon {+Inv rF+ rC+ Dex+2}
 41957 | Snake:4  | Reached skill level 23 in Summonings
 42008 | Snake:4  | Noticed Donald
 42022 | Snake:4  | Killed Donald
 42282 | Snake:4  | Noticed Vashnia
 43287 | Snake:4  | Received a gift from Sif Muna
 43288 | Snake:4  | Reached XP level 18. HP: 134/134 MP: 33/33
 43288 | Snake:4  | Got Sif Muna's Essays on Transmutation {god gift}
 43386 | Snake:4  | Killed Vashnia
 43903 | Snake:4  | Learned a level 9 spell: Dragon's Call
 43914 | Snake:4  | Got a serpentine rune of Zot
 44208 | Swamp:1  | Entered Level 1 of the Swamp
 44451 | Swamp:1  | Acquired the +7 morningstar "Ysietto" {speed, *Noise rPois
                  | rF+++ rC+}
 44868 | Swamp:2  | Reached skill level 24 in Summonings
 45778 | Swamp:2  | Received a gift from Sif Muna
 45779 | Swamp:2  | Got Sif Muna's Almanac of Ensorcelling and Conduction {god
                  | gift}
 45786 | Swamp:2  | Identified the staff "Pony" {rC+ Int+4 Ice}
 45793 | Swamp:2  | Identified the +3 quarterstaff "Hydrabane" {flame, Fly
                  | Int+4 Dex-4}
 45836 | Swamp:2  | Learned a level 2 spell: Blink
 46867 | Swamp:4  | Entered Level 4 of the Swamp
 46954 | Swamp:4  | Noticed Nikola
 46996 | Swamp:4  | Killed Nikola
 47043 | Swamp:4  | Reached XP level 19. HP: 140/140 MP: 33/36
 48041 | Swamp:4  | Noticed the 27-headed Lernaean hydra
 48047 | Swamp:4  | Killed the 27-headed Lernaean hydra
 48252 | Swamp:4  | Got a decaying rune of Zot
 48773 | Vaults:1 | Entered Level 1 of the Vaults
 48871 | Vaults:1 | Reached skill level 25 in Summonings
 48875 | Vaults:1 | Received a gift from Sif Muna
 49019 | Vaults:1 | Got Sif Muna's Exposition on Orogeny {god gift}
 49042 | Vaults:1 | Noticed Norris
 49047 | Vaults:1 | Killed Norris
 49057 | Vaults:1 | Reached skill level 15 in Spellcasting
 50374 | Vaults:1 | Noticed Asterion
 50378 | Vaults:1 | Killed Asterion
 51079 | Vaults:2 | Reached skill level 26 in Summonings
 51625 | Vaults:2 | Found Reisivog's Armour Boutique.
 51634 | Vaults:2 | Bought a +2 pair of boots of flying for 430 gold pieces
 51697 | Vaults:2 | Reached XP level 20. HP: 147/147 MP: 38/39
 51899 | Vaults:3 | Received a gift from Sif Muna
 51900 | Vaults:3 | Got Sif Muna's Guidebook on Damaging Invitation {god gift}
 52515 | Vaults:3 | You are sucked into a shaft and drop 1 floor!
 52805 | Vaults:4 | Reached skill level 27 in Summonings
 53309 | Vaults:4 | Found Oxkarch's Armour Boutique.
 54077 | D:15     | Identified the +1 tower shield of Ixuasch {rElec}
 54709 | Vaults:3 | Found a staircase to the Crypt.
 55089 | Vaults:3 | Identified the staff of Starshine {+Blink rF+ Fire Earth
                  | Alchemy}
 55095 | Vaults:3 | Identified the ring "Nejaamev" {Ice rN+ MP+9 Dex-4}
 55108 | Vaults:3 | Identified the ring "Ukagez" {^Drain Fly Int+2 Dex+3}
 55802 | Vaults:4 | Reached XP level 21. HP: 156/156 MP: 35/40
 56222 | Vaults:4 | Found Wesagu's Armour Shoppe.
 56628 | Elf:1    | Entered Level 1 of the Elven Halls
 56747 | Elf:1    | Found Acobiat's Jewellery Shoppe.
 56751 | Elf:1    | Found Zoagh's Armour Shoppe.
 57382 | Elf:1    | Paralysed by an air elemental for 1 turns
 58118 | Elf:2    | Reached skill level 10 in Shields
 58317 | Elf:2    | Received a gift from Sif Muna
 58318 | Elf:2    | Got Jytuceck's Directory of Changed Necromancy {god gift}
 58632 | Elf:2    | Identified the +3 leather armour "Qudapn" {rF++ Dex+2}
 58682 | Elf:2    | Found a runed translucent gate.
 58682 | Elf:2    | Found a runed translucent gate.
 58682 | Elf:2    | Found a runed translucent gate.
 59831 | Elf:3    | Entered Level 3 of the Elven Halls
 59849 | Elf:3    | Found a magical portal.
 59858 | WizLab   | Entered Alistair's Party Mansion
 60393 | WizLab   | Reached XP level 22. HP: 163/163 MP: 41/43
 60583 | WizLab   | Got the Essays on Concoctions
 60952 | Elf:3    | Received a gift from Sif Muna
 60953 | Elf:3    | Got Sif Muna's Tractate on Brilliant Ouranomancy {god gift}
 62248 | Elf:3    | Identified the +4 great sword of Defiance {drain, rCorr}
 62683 | Elf:3    | Identified the staff of the Arena {rCorr Int+5 Earth}
 62688 | Elf:3    | Identified the staff "Orb Guardian's Regret" {rPois rC+
                  | Ice}
 62707 | Elf:3    | Identified the staff of Extinguishment {rF- rN+ Str+4 Necro
                  | Tloc}
 63132 | Depths:1 | Entered Level 1 of the Depths
 63175 | Depths:1 | Reached skill level 1 in Evocations
 63252 | Depths:1 | Found a stormy altar of Qazlal.
 63971 | Depths:1 | Found a gateway to Hell.
 64432 | Depths:1 | Reached skill level 5 in Evocations
 64438 | Depths:1 | Received a gift from Sif Muna
 64791 | Depths:2 | Identified the +3 spear of Doom {freeze, rC+ rCorr Dex+2
                  | SInv}
 64881 | Depths:2 | Found a one-way gateway to a ziggurat.
 64954 | Depths:2 | Reached XP level 23. HP: 162/169 MP: 33/45
 65156 | Depths:2 | Noticed a juggernaut
 65163 | Depths:2 | Killed a juggernaut
 65279 | Depths:2 | Identified the +2 leather armour of Purpose {-Cast rN+
                  | Dex+2}
 66045 | Depths:2 | Found a one-way gate leading to the halls of Pandemonium.
 66049 | Depths:2 | Received a gift from Sif Muna
 66098 | Depths:2 | Got Ryociu's Discourse on Calorific Nephomancy {god gift}
 66466 | Depths:3 | Reached skill level 15 in Shields
 66560 | Depths:3 | Reached skill level 10 in Evocations
 66687 | Depths:3 | Noticed a golden dragon
 66691 | Depths:3 | Killed a golden dragon
 67238 | Depths:3 | Reached ****** piety under Sif Muna
 67250 | Depths:3 | Received a gift from Sif Muna
 67253 | Depths:3 | Noticed an ancient lich
 67266 | Depths:3 | Killed an ancient lich
 67312 | Depths:3 | Reached XP level 24. HP: 123/175 MP: 33/47
 68227 | Depths:3 | Reached XP level 25. HP: 181/181 MP: 47/47
 68519 | Depths:4 | Entered Level 4 of the Depths
 68519 | Depths:4 | Found a radiant altar of Vehumet.
 68915 | Depths:4 | Received a gift from Sif Muna
 69072 | Depths:4 | Found a gate to the Realm of Zot.
 69164 | Depths:4 | Identified the amulet "Hun Irex" {RegenMP Rampage rC+
                  | Dex-3}
 69720 | D:14     | Acquired a book of Transmutation
 69729 | D:14     | You paid a toll of +4 shadow dragon scales to enter a
                  | treasure trove
 69730 | Trove    | Entered a treasure trove
 70082 | Slime:1  | Entered Level 1 of the Pits of Slime
 70445 | Slime:2  | Received a gift from Sif Muna
 70446 | Slime:2  | Got Sif Muna's Encyclopedia of Open Graves and the Oath
                  | {god gift}
 70969 | Slime:4  | Gained mutation: You occasionally shout uncontrollably at
                  | your foes. [a shining eye]
 71284 | Slime:5  | Entered Level 5 of the Pits of Slime
 71284 | Slime:5  | Found the +9 scales of the Dragon King {rPois rF+ rC+
                  | Will+}
 71293 | Slime:5  | Noticed the Royal Jelly
 71318 | Slime:5  | Killed the Royal Jelly
 71557 | Slime:5  | Got a slimy rune of Zot
 71613 | Slime:5  | Identified the +8 halberd of the Hurting Gods {venom,
                  | Dex+2}
 71639 | Slime:5  | Identified the +4 hand axe of Circularity {spect, Str+2}
 72087 | Zot:1    | Entered Level 1 of the Realm of Zot
 72124 | Zot:1    | Received a gift from Sif Muna
 72125 | Zot:1    | Got Sif Muna's Compendium of Beckoning and the Wayfarer
                  | {god gift}
 72364 | Zot:1    | Identified the +5 ring mail "Nuugismuy" {rC++}
 72509 | Zot:1    | Reached XP level 26. HP: 197/200 MP: 41/47
 73000 | Zot:2    | Reached skill level 15 in Fighting
 74884 | Zot:3    | Identified the +6 sling of Dissolution {elec, +Blink rElec
                  | rPois Str+2 Int-4}
 76240 | Zot:3    | Received a gift from Sif Muna
 76437 | Zot:3    | Got Sif Muna's Catalogue of Soot and Anemomancy {god gift}
 77643 | Zot:5    | Entered Level 5 of the Realm of Zot
 77649 | Zot:5    | Noticed an orb of fire
 77663 | Zot:5    | Killed an orb of fire
 77870 | Zot:5    | Reached XP level 27. HP: 224/224 MP: 35/47
 78027 | Zot:5    | Found a large runed translucent door.
 78027 | Zot:5    | Found a large runed translucent door.
 78031 | Zot:5    | Noticed Anotheraccount's ghost (master GrFi)
 78380 | Zot:5    | Killed Anotheraccount's ghost
 78394 | Zot:5    | Identified the +5 lajatang "Estin" {flame, *Noise rElec
                  | rPois Str+4 Dex-4}
 78437 | Zot:5    | Identified the +5 orcbow of the Shallot {drain, rElec rF+}
 78525 | Zot:5    | Received a gift from Sif Muna
 78526 | Zot:5    | Got Sif Muna's Incunable of the Summoned Queen Bee {god
                  | gift}
 78533 | Zot:5    | Noticed an orb of fire
 78534 | Zot:5    | Noticed an ancient lich
 78567 | Zot:5    | Killed an orb of fire
 79102 | Zot:5    | Killed an ancient lich
 79487 | Zot:5    | Noticed an orb of fire
 79494 | Zot:5    | Killed an orb of fire
 79556 | Zot:5    | Noticed an orb of fire
 79568 | Zot:5    | Killed an orb of fire
 79659 | Zot:5    | Got the Orb of Zot
 79790 | Zot:4    | Noticed Juocab the pandemonium lord
 80070 | D:11     | Noticed Lesuubor the pandemonium lord
 80074 | D:11     | Noticed Naipeif the pandemonium lord
 80126 | D:7      | Noticed Orphasifa the pandemonium lord
 80202 | D:4      | Noticed a seraph
 80231 | D:3      | Noticed a seraph
 80291 | D:2      | Noticed Uruec the pandemonium lord
 80318 | D:1      | Noticed Weitis the pandemonium lord
 80324 | D:$      | Escaped with the Orb!

Illustrated notes

Levels and vault maps discovered:
D:1:      dpeg_arrival_lava_temple_mockup, layout_basic
D:2:      layout_loops_cross, nicolae_concentric_dashed_squares_wild
D:3:      layout_loops_ring, ebering_ghost_sewer_d, uniq_robin
D:4:      minmay_bubble_buster, layout_cave_pools, grunt_temple_overflow_open
D:5:      layout_loops_ring
D:6:      minmay_clustersquares, layout_cave_pods, grunt_ministairs_7
D:7:      layout_basic, minmay_temple_entry_statues_fountains
D:8:      layout_basic, lair_entry_dummy, gammafunk_ghost_ooze
D:9:      layout_roguey
D:10:     layout_loops_corners, gammafunk_temple_overflow_statue,
          kennysheep_orc_monster_closet_entryway, uniq_maggie
D:11:     minmay_the_grid_octo_triangle [minmay_the_grid_octo_fan_narrow,
          minmay_the_grid_octo_prize_star, minmay_the_grid_octo_thin_diamonds],
          layout_cave_pools, minmay_misc_feat_tiny, uniq_grum, uniq_snorg
D:12:     layout_loops_corners, nicolae_straight_to_the_point
D:13:     kennysheep_tiny_hell, layout_irregular_city, david_vaults_3,
          uniq_josephine, uniq_urug
D:14:     layout_roguey, nicolae_trove_entry_free_sample,
          kennysheep_generic_room_7
D:15:     grunt_enter_depths_magical_seal, layout_loops_ring,
          grunt_decor_fettered, serial_glass, glass_columns_b, glass_columns_b,
          glass_columns_a, glass_columns_b, glass_columns_c, glass_columns_c,
          glass_columns_c, glass_columns_a, serial_shops, shop, shop,
          mainiacjoe_okawaru_digging_arena, uniq_louise
Lair:1:   layout_roguey, st_stairs_4, infiniplex_staircase_pool_2,
          grunt_megastairs_5, lemuel_fruit_fields
Lair:2:   layout_layer_cave, gauntlet_entry_generic, uniq_amaemon
Lair:3:   layout_cave_pods, skrybe_swamp_entry_bodies,
          nicolae_snake_entry_warm_welcome, guppyfry_lair_drakes,
          lemuel_fruit_fields, lemuel_fruit_tree, uniq_gastronok
Lair:4:   layout_loops_ring
Lair:5:   minmay_lair_end_frog_pond, layout_cave_shapes,
          minmay_slime_entry_oklob_enclosed
Swamp:1:  layout_basic_swamp, evilmike_swamp_ruin_house_6,
          nicolae_swamp_decorative_isthmus
Swamp:2:  layout_basic_swamp, nicolae_swamp_some_circles, swamp_pool_1_2,
          hangedman_swamp_dais
Swamp:3:  layout_basic_swamp, nicolae_swamp_stair_fork, beargit_elvish_explorers
Swamp:4:  swamp_old_school, layout_basic_swamp, uniq_nikola
Snake:1:  layout_layer_cave
Snake:2:  layout_misc_corridors, nicolae_snake_snakes_in_the_grass
Snake:3:  layout_chambers, gammafunk_ghost_abyssal_escape, minmay_shop_grove
Snake:4:  snake_pit, layout_misc_corridors, uniq_donald, uniq_vashnia
Slime:1:  layout_caves
Slime:2:  layout_caves, nicolae_slime_welcoming_committee
Slime:3:  cheibrodos_slime_lost_civilization_2, layout_caves
Slime:4:  layout_caves
Slime:5:  slime_pit_nicolae_jellycorners
Orc:1:    layout_caves, lightli_orcish_oven
Orc:2:    st_orc_open, layout_caves, gammafunk_ghost_necromancy,
          portal_ice_cave_rime, basic_altar, serial_shops, shop
Elf:1:    elf_arrival_002, layout_geoelf_octagon, nicolae_elf_blasts_and_bolts,
          minmay_shop_star
Elf:2:    elven_hall_of_blades_hangedman_original
          [nicolae_blade_entry_hurt_lockers], layout_loops_ring,
          nicolae_elevator_lobby_asterisk
Elf:3:    minmay_elf_hall, layout_gridlike, infiniplex_enter_wizlab_spiral
Vaults:1: st_more_cells, v_pattern_5, nicolae_vaults_surprise_closet,
          vaults_room_stairs_pillars, nicolae_vaults_cornered_office, v_misc_9,
          nicolae_vaults_diamond_1, nicolae_vaults_tangram_1,
          nicolae_vaults_closet_pinwheel_2, vaults_room_semicircle,
          layout_vaults_quadrants, uniq_norris, uniq_asterion
Vaults:2: v_misc_8, vaults_dpeg_doors, nicolae_vaults_offset_grid_hallway_1,
          hangedman_vaults_restitches, vaults_dpeg_ring, nicolae_vaults_two_Ls,
          nicolae_vaults_offset_grid_hallway_2, layout_vaults_omnicross,
          serial_shops, shop
Vaults:3: ontoclasm_vaults_bender, nicolae_vaults_museum, vaults_room_fours,
          minmay_crypt_entry_simple_plaza, nicolae_vaults_closet_pinwheel_3,
          v_misc_1, nicolae_vaults_tetromino_L_2, v_alt_pattern_2, v_misc_26,
          nicolae_vaults_closet_pinwheel_4, nicolae_vaults_diamond_1,
          layout_vaults_chaotic_city
Vaults:4: hangedman_vaults_snaps, hangedman_vaults_corner, v_misc_28,
          nicolae_vaults_closet_pinwheel_2, nicolae_vaults_prndl,
          ontoclasm_vaults_idyll, nicolae_vaults_turnstiles,
          nicolae_vaults_taking_the_gang_shopping, st_spiral_rooms,
          nicolae_vaults_circle_grid_b, ontoclasm_vaults_idyll,
          vaults_room_door_ring, ontoclasm_vaults_loading_screen,
          ontoclasm_vaults_twist, layout_vaults_maze, serial_shops,
          nicolae_shop_hallway_stairs
Depths:1: layout_roguey, nicolae_hell_entry_hellmouth_sunbeams, fountainhead,
          grunt_qazlal_clouds
Depths:2: four-leaf_vault, layout_basic, enter_ziggurat_a, abyss_entry,
          hell_entry, rand_demon_pan_entry_8, chequers_serial_rivers_micro_d,
          st_stairs_3
Depths:3: lemuel_river_lethe, hell_entry, abyss_entry
Depths:4: grunt_zot_entry_alcove, layout_cave_shapes, grunt_pan_entry_sceptre,
          hell_entry, minmay_misc_feat_pillars, fiery_altar_vehumet
Zot:1:    layout_onion, skrybe_zot_glass_1
Zot:2:    layout_basic, regret_index_zotdec_slimy_original
Zot:3:    layout_gridville
Zot:4:    nicolae_zot_stationary_front, layout_onion
Zot:5:    layout_twisted_circle, ebering_ghost_disaster_area

Skill      XL: |  1  2  3  4  5  6  7  8  9 10 11 12 13 14 15 16 17 18 19 20 21 22 23 24 25 26 27 |
---------------+----------------------------------------------------------------------------------+-----
Spellcasting   | 3 4 5 6 8 9 11 13 15 17 18 20 | 20.8
Summonings     | 5 6 7 9 10 13 14 16 18 20 22 23 24 26 27 | 27.0
Necromancy     | 1 3 |  3.0
Fighting       | 3 5 7 10 11 14 20 21 | 21.1
Invocations    | 6 8 9 12 14 | 14.1
Hexes          | 5 |  5.0
Dodging        | 6 10 | 10.0
Shields        | 1 5 7 11 14 16 17 20 21 | 21.0
Evocations     | 6 10 | 10.0
Stealth        | |  2.1

Action                     |  1- 3 |  4- 6 |  7- 9 | 10-12 | 13-15 | 16-18 | 19-21 | 22-24 | 25-27 || total
---------------------------+-------+-------+-------+-------+-------+-------+-------+-------+-------++-------
  Melee: Unarmed           |     4 |       |     3 |       |       |       |       |       |       ||     7
         Staff             |       |       |       |     2 |    27 |     8 |       |       |       ||    37
         Morningstar       |       |       |       |       |       |       |     3 |    15 |     1 ||    19
   Cast: Summon Small Mamm |    26 |     8 |     6 |       |       |       |       |       |       ||    40
         Call Imp          |    25 |    12 |    16 |     4 |       |       |       |       |       ||    57
         Call Canine Famil |     4 |    29 |    66 |    77 |     5 |     1 |       |       |       ||   182
         Summon Blazeheart |       |     1 |     9 |     4 |       |       |       |       |       ||    14
         Martyr's Knell    |       |       |     1 |    75 |   166 |   118 |     2 |       |       ||   362
         Summon Cactus Gia |       |       |       |    40 |   177 |   105 |       |       |       ||   322
         Summon Mana Viper |       |       |       |    27 |   154 |   103 |       |       |       ||   284
         Passwall          |       |       |       |       |     2 |       |       |       |       ||     2
         Summon Horrible T |       |       |       |       |       |    33 |    50 |    48 |    98 ||   229
         Dragon's Call     |       |       |       |       |       |    21 |    82 |    55 |    75 ||   233
         Shatter           |       |       |       |       |       |       |     4 |       |       ||     4
 Invoke: Channel Magic     |       |       |       |     1 |     2 |       |     2 |     2 |     3 ||    10
         Forget Spell      |       |       |       |       |     3 |       |       |       |       ||     3
         Divine Exegesis   |       |       |       |       |       |       |     4 |       |       ||     4
  Evoke: Wand              |       |       |     2 |     4 |     5 |     2 |       |     5 |     1 ||    19
    Use: Scroll            |     2 |     8 |     3 |     9 |    17 |     4 |     4 |     4 |    15 ||    66
         Potion            |     1 |     3 |       |     9 |     1 |       |     1 |     4 |     8 ||    27
   Stab: Distracted        |       |       |       |       |       |     1 |     1 |       |       ||     2
 Armour: Robe              |    25 |    45 |    36 |   133 |   219 |    19 |    85 |    79 |   169 ||   810
         Leather armour    |       |       |       |       |       |   124 |     1 |       |       ||   125
         Skin              |       |       |       |       |       |       |       |       |     2 ||     2
  Dodge: Dodged            |    26 |    44 |    43 |   101 |   247 |   131 |    59 |    36 |    69 ||   756
  Block: Buckler           |       |       |       |       |     1 |    90 |    20 |       |       ||   111
         Tower shield      |       |       |       |       |       |       |    24 |    75 |   109 ||   208

Table legend: (Time is in decaauts)
 A = Elapsed time spent in this place.
 B = Non-inter-level travel time spent in this place.
 C = Inter-level travel time spent in this place.
 D = Time resting spent in this place.
 E = Time spent auto-exploring this place.
 F = Levels seen in this place.
 G = Mean time per level.
                   A        B        C        D        E       F      G
               +--------+--------+--------+--------+--------+-----+--------+
         Total |  82274 |  75872 |   6402 |  21019 |  35839 |  55 | 1495.9 |
       Dungeon |  24825 |  21901 |   2924 |   4346 |  11466 |  15 | 1655.0 |
          Lair |  10772 |   9799 |    973 |   2193 |   5512 |   5 | 2154.4 |
         Swamp |   3686 |   3430 |    256 |    987 |   1750 |   4 |  921.5 |
     Snake Pit |   7145 |   6765 |    380 |   1193 |   3764 |   4 | 1786.2 |
    Slime Pits |   1713 |   1614 |     99 |    605 |    452 |   5 |  342.6 |
  Orcish Mines |   2895 |   2752 |    143 |    567 |   1311 |   2 | 1447.5 |
   Elven Halls |   5590 |   5336 |    254 |   1914 |   2307 |   3 | 1863.3 |
        Vaults |   7918 |   7423 |    495 |   2677 |   3415 |   4 | 1979.5 |
        Depths |   6910 |   6475 |    435 |   2297 |   2661 |   4 | 1727.5 |
           Zot |   8141 |   7702 |    439 |   3178 |   2752 |   5 | 1628.2 |
         Trove |     57 |     57 |      0 |      0 |      0 |   1 |   57.0 |
      Ice Cave |   1025 |   1025 |      0 |    422 |    142 |   1 | 1025.0 |
        Wizlab |   1034 |   1034 |      0 |    451 |    253 |   1 | 1034.0 |
      Gauntlet |    557 |    557 |      0 |    187 |     49 |   1 |  557.0 |
               +--------+--------+--------+--------+--------+-----+--------+

Top non-repeatable levels by time:
    D:10: 3411 daAuts
  Lair:5: 2687 daAuts
  Lair:3: 2379 daAuts
Vaults:1: 2325 daAuts
Vaults:3: 2287 daAuts
  Lair:2: 2220 daAuts
    D:13: 2164 daAuts
Depths:3: 2138 daAuts
Vaults:4: 2128 daAuts
   Zot:3: 2072 daAuts
   Elf:2: 2028 daAuts
   Zot:5: 2008 daAuts
 Snake:3: 1975 daAuts
   Orc:2: 1972 daAuts
   Elf:3: 1965 daAuts
